[Event "Team 45 45 League T49"]
[Site "Internet Chess Club"]
[Date "2011.07.10"]
[Round "9"]
[White "Nosaj"]
[Black "artspir"]
[Result "1-0"]
[WhiteElo "1356"]
[BlackElo "1092"]
[Opening "Caro-Kann defense"]
[ECO "B15"]
[Time "15:00:17"]
[TimeControl "2700+45"]

1. e4 c6 2. d4 d5 3. Nc3 e6 4. Nf3 Bb4 5. Bd3 f6 6. O-O Ne7 7. Nh4 O-O 8. e5 Nd7
9. Qh5 f5 10. g4 g6 11. Qg5 fxg4 12. Qxg4 Nb6 13. Bh6 Rf7 14. f4 Bxc3 15. bxc3
Nc4 16. Bg5 Ne3 17. Qg3 Nxf1 18. Rxf1 Qa5 19. Bxe7 Qxc3 20. Nxg6 Qxd4+ 21. Rf2
Rg7 22. Bf6 Qa1+ 23. Rf1 Qd4+ 24. Kh1 hxg6 25. Bxg6 Rxg6 26. Qxg6+ Kf8 27. Qg7+
Ke8 28. Qe7# {Black checkmated} 1-0

[Event "Team 45 45 League T49"]
[Site "Internet Chess Club"]
[Date "2011.07.10"]
[Round "9"]
[White "Morovon23"]
[Black "Uwak"]
[Result "0-1"]
[WhiteElo "2330"]
[BlackElo "2439"]
[Opening "King's Indian: orthodox, Aronin-Taimanov, 9.Ne1"]
[ECO "E98"]
[Time "23:07:51"]
[TimeControl "2700+45"]

1. d4 Nf6 2. Nf3 g6 3. c4 Bg7 4. Nc3 O-O 5. e4 d6 6. Be2 e5 7. O-O Nc6 8. d5 Ne7
9. Ne1 Nd7 10. Be3 f5 11. f3 Kh8 12. Rc1 Ng8 13. Qd2 b6 14. b4 a5 15. a3 Ngf6
16. Nd3 Ba6 17. Nb2 Qe7 18. Nba4 axb4 19. axb4 Nh5 20. c5 Bxe2 21. Qxe2 Nf4 22.
Qb5 bxc5 23. bxc5 Rab8 24. Qc6 fxe4 25. Qxc7 exf3 26. Rxf3 Qg5 27. Bxf4 Rxf4 28.
Rg3 Qf5 29. h3 e4 30. c6 Bd4+ 31. Kh2 Rf1 32. Qxd7 Rxc1 33. Qxf5 gxf5 34. Ne2
Rd1 35. Nxd4 Rxd4 36. Nc3 Rd3 37. c7 Rc8 38. Nb5 Rxd5 39. Rb3 Kg7 40. Kg3 Kf6
41. Kf4 h5 42. g4 hxg4 43. hxg4 Rd3 44. g5+ Kg6 {White resigns} 0-1

[Event "Team 45 45 League T49"]
[Site "Internet Chess Club"]
[Date "2011.07.11"]
[Round "9"]
[White "searchforbobby1"]
[Black "MikeA"]
[Result "0-1"]
[WhiteElo "2155"]
[BlackElo "2195"]
[Opening "Giuoco Pianissimo: Canal variation"]
[ECO "C24"]
[Time "21:00:13"]
[TimeControl "2700+45"]

1. e4 e5 2. Bc4 Nf6 3. d3 Bc5 4. Nc3 Nc6 5. Nf3 d6 6. Bg5 h6 7. Bxf6 Qxf6 8. Nd5
Qd8 9. c3 Ne7 10. Ne3 O-O 11. O-O c6 12. d4 exd4 13. Nxd4 Ng6 14. f4 Re8 15. f5
Ne5 16. Bb3 Qg5 17. Re1 b5 18. Kh1 a5 19. Bc2 b4 20. Nf3 Nxf3 21. Qxf3 bxc3 22.
bxc3 Bxe3 23. Rxe3 Bxf5 24. Rf1 Re7 25. Qf2 Bg6 26. Rg3 Qe5 27. Bb3 Qxe4 28. h3
d5 29. Qc5 Re6 30. Rgf3 a4 31. Bd1 Rb8 32. Qa7 Rb2 33. R3f2 Rxf2 34. Qxf2 Qd3
35. Re1 Rxe1+ 36. Qxe1 Be4 37. Kh2 Qb1 38. Qe2 Qc1 39. Bxa4 Qxc3 40. Qg4 c5 41.
Bc6 c4 42. a4 Qe5+ 43. Kh1 c3 44. Qc8+ Kh7 45. Be8 Qg3 {White resigns} 0-1

[Event "Team 45 45 League T49"]
[Site "Internet Chess Club"]
[Date "2011.07.11"]
[Round "9"]
[White "RedAttack"]
[Black "gaibo4ever"]
[Result "1-0"]
[WhiteElo "1939"]
[BlackElo "2103"]
[Opening "English opening"]
[ECO "A16"]
[Time "17:07:19"]
[TimeControl "2700+45"]

1. c4 Nf6 2. Nc3 g6 3. g3 Bg7 4. Bg2 O-O 5. e4 d6 6. Nge2 Nc6 7. O-O a6 8. d3
Ne8 9. Be3 e5 10. f4 f5 11. exf5 gxf5 12. Nd5 exf4 13. Nexf4 Bxb2 14. Rb1 Bg7
15. Nh5 Bd4 16. Bxd4 Nxd4 17. Qe1 Nc6 18. Qc3 Qg5 19. Rfe1 Qxh5 20. Nf4 Qf7 21.
Bd5 Ng7 22. Bxf7+ Rxf7 23. c5 dxc5 24. Qxc5 Nd8 25. Re7 Nde6 26. Nxe6 Nxe6 27.
Re8+ Kg7 28. Qe5+ Rf6 29. d4 c6 30. Re7+ Kg6 31. Rxh7 Rf8 32. Re7 Rf6 33. h4 Ng7
34. g4 {Black resigns} 1-0

[Event "Team 45 45 League T49"]
[Site "Internet Chess Club"]
[Date "2011.07.10"]
[Round "9"]
[White "screamingeagle"]
[Black "CaoCao"]
[Result "1/2-1/2"]
[WhiteElo "1988"]
[BlackElo "1881"]
[Opening "Scotch: Mieses variation"]
[ECO "C45"]
[Time "09:02:51"]
[TimeControl "2700+45"]

1. e4 e5 2. Nf3 Nc6 3. d4 exd4 4. Nxd4 Nf6 5. Nxc6 bxc6 6. e5 Qe7 7. Qe2 Nd5 8.
c4 Ba6 9. b3 g6 10. g3 Bg7 11. Bb2 O-O-O 12. Bg2 Rhe8 13. O-O Nb6 14. Re1 f6 15.
f4 fxe5 16. fxe5 Bb7 17. a4 Kb8 18. a5 Na8 19. a6 Bc8 20. Bd4 c5 21. Bc3 d6 22.
Qf3 Nb6 23. Ra5 Bxe5 24. Bxe5 dxe5 25. Rb5 e4 26. Qc3 Bxa6 27. Ra5 Bb7 28. Qa1
Qd6 29. Nc3 Qd4+ 30. Kh1 Qe5 31. Rxa7 Rd3 32. Rxb7+ Kxb7 33. Bxe4+ Kc8 34. Bb7+
Kxb7 35. Rxe5 Rxe5 36. Nb5 Re7 37. Qa7+ Kc8 38. Kg2 Rd2+ 39. Kh3 Rdd7 40. b4 Re5
41. Qa3 Rh5+ 42. Kg4 Rf7 43. bxc5 Nxc4 44. Qa8+ Kd7 45. h4 Rxc5 46. Nd4 Nb6 47.
Qe4 Re7 48. Qd3 Rd5 49. Kh3 Ree5 50. Qc3 Rd6 51. Nf3 Red5 52. Qg7+ Kc6 53. Qxh7
Nd7 54. Qg7 Rd3 55. Ng5 Nf6 56. Nf7 Rxg3+ 57. Kh2 Rd2+ 58. Kh1 Ne4 59. Ne5+ Kb7
60. Nc4 Rh3+ 61. Kg1 Rg3+ 62. Kh1 Rh3+ 63. Kg1 Rg3+ 64. Kh1 {Game drawn by
repetition} 1/2-1/2

[Event "Team 45 45 League T49"]
[Site "Internet Chess Club"]
[Date "2011.07.08"]
[Round "9"]
[White "Zyme"]
[Black "achessfool"]
[Result "0-1"]
[WhiteElo "1373"]
[BlackElo "1506"]
[Opening "QGD: Cambridge Springs defense"]
[ECO "D52"]
[Time "22:00:14"]
[TimeControl "2700+45"]

1. d4 Nf6 2. c4 e6 3. Nc3 d5 4. Bg5 Nbd7 5. e3 c6 6. Nf3 Qa5 7. Bd3 Ne4 8. O-O
Nxg5 9. Nxg5 dxc4 10. Nxf7 Kxf7 11. Qf3+ Ke8 12. Bxc4 Nb6 13. Bb3 Qf5 14. Qe2
Bd6 15. Rac1 Bd7 16. Rfd1 Rf8 17. Bc2 Qf7 18. Bxh7 Rh8 19. Bd3 Bxh2+ 20. Kf1 Bc7
21. Qc2 Ke7 22. Ne4 Rh1+ 23. Ke2 Rxd1 24. Rxd1 Rh8 25. Qc5+ Kd8 26. Ng5 Qf8 27.
Qc2 Kc8 28. Rc1 Rh2 29. Be4 Nd5 30. a3 Qf6 31. Nh3 Be8 32. b4 b5 33. Kf1 Rh1+
34. Ng1 Bh2 35. Bg6 Rxg1+ 36. Ke2 Rxc1 37. Qxc1 Bxg6 38. Qxc6+ Bc7 39. Qa8+ Kd7
{White resigns} 0-1

[Event "Team 45 45 League T49"]
[Site "Internet Chess Club"]
[Date "2011.07.10"]
[Round "9"]
[White "Morphys-GGS"]
[Black "Esslinger"]
[Result "1-0"]
[WhiteElo "1430"]
[BlackElo "1427"]
[Opening "Scandinavian (center counter) defense"]
[ECO "B01"]
[Time "16:01:00"]
[TimeControl "2700+45"]

1. e4 d5 2. exd5 Qxd5 3. Nc3 Qd8 4. d4 Nf6 5. Nf3 Bg4 6. Be2 e6 7. h3 Bh5 8. Be3
Be7 9. Qd2 c6 10. g4 Bg6 11. Ne5 Nbd7 12. g5 Ne4 13. Nxe4 Bxe4 14. f3 Bf5 15. h4
Nxe5 16. dxe5 Qc7 17. Qc3 O-O-O 18. Kf2 Rd7 19. a4 a5 20. f4 Be4 21. Rhd1 Rhd8
22. Qb3 c5 23. Rxd7 Rxd7 24. Bb5 Bc6 25. c4 Bxb5 26. axb5 b6 27. Qc2 h6 28. Qh7
hxg5 29. hxg5 Bf8 30. g6 Qd8 31. Re1 Qe7 32. Qh5 f6 33. exf6 Qxf6 34. Qe5 Qh4+
35. Ke2 Qh5+ 36. Qxh5 {Black resigns} 1-0

[Event "Team 45 45 League T49"]
[Site "Internet Chess Club"]
[Date "2011.07.10"]
[Round "9"]
[White "AlPearson"]
[Black "BishopMike"]
[Result "0-1"]
[WhiteElo "1392"]
[BlackElo "1388"]
[Opening "English: symmetrical, Benoni formation"]
[ECO "A31"]
[Time "17:32:36"]
[TimeControl "2700+45"]

1. c4 c5 2. Nf3 Nf6 3. d4 b6 4. d5 d6 5. Nc3 a6 6. Qc2 g6 7. e4 Bg7 8. Bd3 Nbd7
9. O-O O-O 10. b3 Ng4 11. h3 Nge5 12. Nxe5 Nxe5 13. f4 Nxd3 14. Qxd3 Bd4+ 15.
Be3 Bg7 16. Rae1 e6 17. g4 Qh4 18. Bf2 Qf6 19. Ne2 Bb7 20. f5 gxf5 21. gxf5 exf5
22. exf5 Rae8 23. Nf4 Rxe1 24. Rxe1 Qg5+ 25. Qg3 Qxf5 26. Re7 Bc8 27. h4 Kh8 28.
Kf1 Be5 29. Be3 Rg8 30. Qf2 Qb1+ 31. Qe1 Qxa2 32. Qd1 Bxf4 33. Bxf4 Bh3+ 34. Ke1
Rg1# {White checkmated} 0-1

[Event "Team 45 45 League T49"]
[Site "Internet Chess Club"]
[Date "2011.07.08"]
[Round "9"]
[White "TheronUAL"]
[Black "AtomicDog"]
[Result "1-0"]
[WhiteElo "1574"]
[BlackElo "1542"]
[Opening "Sicilian: Alapin's variation (2.c3)"]
[ECO "B22"]
[Time "10:03:00"]
[TimeControl "2700+45"]

1. e4 c5 2. c3 Nf6 3. e5 Nd5 4. d4 cxd4 5. Nf3 Nc6 6. Bc4 Nb6 7. Bb3 d5 8. exd6
Qxd6 9. O-O Be6 10. Bxe6 Qxe6 11. Nxd4 Nxd4 12. Qxd4 Rd8 13. Qh4 Qe2 14. Qg3 g6
15. Nd2 Bg7 16. Qf3 Rxd2 17. Bxd2 Qxd2 18. Qxb7 Qd7 19. Qb8+ Nc8 20. Rfd1 Qf5
21. Qc7 Nd6 22. Qxa7 Bf6 23. a4 Qd7 24. Qe3 O-O 25. b3 Qb7 26. Rab1 Ne4 27. Rdc1
Rc8 28. c4 Bg5 29. f4 Bh6 30. Re1 f5 31. Rbd1 e5 32. Rd5 exf4 33. Qd4 Bg7 34.
Rd8+ Rxd8 35. Qxd8+ Kf7 36. Qd5+ Qxd5 37. cxd5 Be5 38. a5 Bd4+ 39. Kf1 Ke7 40.
a6 Kd6 41. Rc1 Nd2+ 42. Ke2 Nxb3 43. Rc6+ Kxd5 44. Rc7 Bb6 45. Rxh7 Nd4+ 46. Kd3
Nc6 47. Kc3 Bd4+ 48. Kb3 Ba7 49. Ka4 Kc5 50. Rg7 Kb6 51. Rxg6 Kc5 52. h4 Nd4 53.
h5 f3 54. gxf3 Nxf3 55. h6 Kd5 56. h7 Bd4 57. a7 {Black resigns} 1-0